 Dungeon Crawl Stone Soup version 0.29.1-15-g9cfb28693d (webtiles) character file.

Game seed: 5168646366174022076

41 Anriel the Magician (level 3, -1/19 HPs)
             Began as a Deep Elf Hedge Wizard on Mar 10, 2023.
             Killed from afar by a dart slug (4 damage)
             ... with a slug dart
             ... on level 2 of the Dungeon.
             The game lasted 00:09:20 (1682 turns).

Anriel the Magician (Deep Elf Hedge Wizard)         Turns: 1682, Time: 00:09:20

Health: -1/19      AC:  3    Str:  7    XL:     3   Next: 32%
Magic:  11/11      EV: 13    Int: 20    God:
Gold:   55         SH:  0    Dex: 14    Spells: 4/11 levels left

rFire   . . .      SeeInvis .   a - +0 dagger
rCold   . . .      Faith    .   (no shield)
rNeg    . . .      Spirit   .   f - +0 robe
rPois   .          Reflect  .   c - +0 hat
rElec   .          Harm     .   (no cloak)
rCorr   .          Rampage  .   e - +0 pair of gloves
Will    .....                   (no boots)
Stlth   ++........              g - amulet of magic regeneration
HPRegen 0.06/turn               (no ring)
MPRegen 0.52/turn               (no ring)

@: no status effects
A: no striking features
a: no special abilities


You were on level 2 of the Dungeon.
You visited 1 branch of the dungeon, and saw 2 of its levels.

You collected 55 gold pieces.

Inventory:

Hand Weapons
 a - a +0 dagger (weapon)
Armour
 c - a +0 hat (worn)
 e - a +0 pair of gloves (worn)
 f - a +0 robe (worn)
 i - a +0 leather armour
Jewellery
 g - an amulet of magic regeneration (around neck)
Scrolls
 k - a scroll of poison {unknown}
Potions
 b - a potion of curing {unknown}
 d - a potion of magic
 h - a potion of degeneration {unknown}
 j - a potion of invisibility {unknown}


   Skills:
 * Level 3.4 Dodging
 - Level 2.4 Stealth
 + Level 4.8 Spellcasting
 * Level 2.4 Conjurations
 - Level 1.1 Summonings
 - Level 1.1 Translocations


You had 4 spell levels left.
You knew the following spells:

 Your Spells              Type           Power      Damage    Failure   Level
a - Magic Dart            Conj           56%        1d5       4%          1
b - Blink                 Tloc           18%        N/A       12%         2
c - Slow                  Hex            16%        N/A       12%         1
d - Conjure Flame         Conj/Fire      9%         6-21      22%         3

Your spell library contained the following spells:

 Spells                   Type           Power      Damage    Failure   Level
 Call Imp                 Summ           9%         N/A       12%         2
 Mephitic Cloud           Conj/Pois/Air  8%         N/A       26%         3


Dungeon Overview and Level Annotations

Branches:
Dungeon (2/15)

Altars:


Message History

The gnoll is no longer moving slowly.
Casting: Slow (safe; 12% risk of failure)
Confirm with . or Enter, or press ? or * to list all spells.
Aiming: Slow (safe; 12% risk of failure)
Press: ? - help, Shift-Dir - straight line, f - gnoll
Aim: a gnoll, wielding a +0 club (chance to affect: 49%)
The gnoll resists with some effort.
Casting: Slow (safe; 12% risk of failure)
Confirm with . or Enter, or press ? or * to list all spells.
Aiming: Slow (safe; 12% risk of failure)
Press: ? - help, Shift-Dir - straight line, f/p - gnoll
Aim: a gnoll, wielding a +0 club (chance to affect: 49%)
The gnoll resists with some effort.
A dart slug comes into view.
Casting: Slow (safe; 12% risk of failure)
Confirm with . or Enter, or press ? or * to list all spells.
Aiming: Slow (safe; 12% risk of failure)
Press: ? - help, Shift-Dir - straight line, f/p - gnoll
Aim: a gnoll, wielding a +0 club (chance to affect: 49%)
You miscast Slow.
You are very lightly contaminated with residual magic.
Nothing appears to happen.
The gnoll barely misses you. The gnoll attacks as you move away!
The gnoll hits you with a +0 club!
* * * LOW HITPOINT WARNING * * *
Casting: Slow (safe; 12% risk of failure)
Confirm with . or Enter, or press ? or * to list all spells.
You blink.
Splash!
You fall into the shallow water.
Moving in this stuff is going to be slow.
Found a scroll labelled UDIYDI NOBIASA.
Found a leather armour.
Your magical contamination has completely faded away.
You feel stable enough to blink again. The dart slug launches a dart at you.
The slug dart hits you.
* * * LOW HITPOINT WARNING * * *
The dart slug launches a dart at you. The slug dart hits you.
You die...

###~~≈≈~.####.#........#..
...... ##~≈≈~~.#
#.#........#.##...#.#
#~~≈≈~..####.#........#.#
# #
#~≈≈~~.###...#........#
#.#
##~≈≈~..###...#........#
#.#
#~~≈≈~..w.....#........#
#.. #~≈≈~~......#.# ###
#~≈≈~.....w.#.#######+## #
#~≈≈~...........@....... #
#~≈≈~......#.?.[...##### #
#~≈≈~~.....######### ..
#~~≈≈~.....# ###
##~≈≈~.....# # ≈≈~~###.# #
≈≈~ #.


You could see a dart slug.

Vanquished Creatures
  A gnoll (D:2)
  3 dart slugs (D:1)
  4 bats (D:1)
  An endoplasm (D:2)
  2 giant cockroaches (D:1)
  2 goblins (D:1)
  A hobgoblin (D:2)
  3 kobolds
  4 ball pythons
  2 frilled lizards (D:1)
  2 rats (D:1)
25 creatures vanquished.

Notes
Turn   | Place    | Note
-------+----------+-------------------------------------------
     0 | D:1      | Anriel the Deep Elf Hedge Wizard began the quest for the
                  | Orb.
     0 | D:1      | Reached XP level 1. HP: 10/10 MP: 7/7
   338 | D:1      | Reached XP level 2. HP: 7/15 MP: 3/9
   396 | D:1      | Learned a level 2 spell: Blink
   398 | D:1      | Learned a level 1 spell: Slow
  1520 | D:2      | Reached XP level 3. HP: 19/19 MP: 9/11
  1524 | D:2      | Learned a level 3 spell: Conjure Flame
  1682 | D:2      | Killed from afar by a dart slug

Illustrated notes

Levels and vault maps discovered:
D:1:      nagdon_arrival_double_spiral, layout_basic, minivault_27
D:2:      wander_river, layout_basic, minivault_25

Skill      XL: |  1  2 |
---------------+-------+-----
Dodging        | 3 |  3.4
Conjurations   | 2 |  2.4
Stealth        | |  2.4
Spellcasting   | |  4.8
Summonings     | |  1.1
Translocations | |  1.1

Action                   || total
-------------------------++-------
Melee: Dagger            ||     9
 Cast: Magic Dart        ||    66
       Slow              ||    15
       Blink             ||     2
       Conjure Flame     ||     2
  Use: Scroll            ||     1
 Stab: Sleeping          ||     2
Armor: Robe              ||     4
Dodge: Dodged            ||    19
